 Dungeon Crawl Stone Soup version 0.20-a0-969-g5a5da1e (webtiles) character file.

366 HAWKINGL3623 the Skirmisher (level 6, 0/53 HPs)
             Began as a Centaur Abyssal Knight on Oct 14, 2017.
             Was a Believer of Lugonu.
             Killed from afar by statue345's ghost (3 damage)
             ... with a flame tongue
             ... on level 4 of the Dungeon.
             The game lasted 00:21:17 (4297 turns).

HAWKINGL3623 the Skirmisher (CeAK)                  Turns: 4297, Time: 00:21:18

Health: 0/53       AC:  7    Str: 17      XL:     6   Next: 40%
Magic:  7/7        EV:  5    Int: 10 (11) God:    Lugonu [**....]
Gold:   105        SH:  0    Dex: 10      Spells: 5/5 levels left

rFire    . . .     SeeInvis +   g - +0 spear (venom)
rCold    . . .     Gourm    .   (no shield)
rNeg     . . .     Faith    .   l - +0 chain mail
rPois    .         Spirit   .   (no helmet)
rElec    .         Reflect  .   (no cloak)
rCorr    .         Harm     .   (no gloves)
MR       .....                  (no barding)
Stlth    ..........             h - amulet of rage
Regen    0.2/turn               a - +2 ring of strength
MPRegen  0.1/turn               j - ring of see invisible

@: very quick
A: hooves 3, deformed body, speed 2, tough skin 3
a: Depart the Abyss, Bend Space, Renounce Religion, Evoke Berserk Rage


You were on level 4 of the Dungeon.
You worshipped Lugonu.
Lugonu was pleased with you.
You were not hungry.

You visited 1 branch of the dungeon, and saw 4 of its levels.
You visited the Abyss 1 time.

You collected 105 gold pieces.

Inventory:

Hand Weapons
 g - a +0 spear of venom (weapon)
Missiles
 f - 47 stones
 m - 7 tomahawks (quivered)
Armour
 b - a +1 leather armour
 l - a +0 chain mail (worn)
Jewellery
 a - a +2 ring of strength (left hand)
 h - an amulet of rage (around neck)
 j - a ring of see invisible (right hand)
Wands
 q - a wand of confusion (18/48)
Scrolls
 i - a scroll of identify
 k - a scroll of teleportation
Potions
 n - a potion of brilliance
Comestibles
 c - 3 bread rations
 d - 2 meat rations
 o - a royal jelly
 p - 7 fruits


   Skills:
 + Level 4.3 Fighting
 + Level 3.8 Polearms
 + Level 2.8 Throwing
 + Level 2.3 Armour
 + Level 1.1 Dodging
 + Level 0.1 Stealth
 + Level 2.3 Invocations


You had 5 spell levels left.
You didn't know any spells.

Dungeon Overview and Level Annotations

Branches:
Dungeon (4/15)
 Temple: D:4-7

Altars:
Cheibriados
Dithmenos
Gozag
Okawaru

Annotations:
D:4 statue345's ghost, amateur DrFE


Innate Abilities, Weirdness & Mutations

You have hooves in place of feet.
Armour fits poorly on your strangely shaped body.
You cover ground very quickly.
You have extremely tough skin. (AC +3)


Message History

You reach to attack!
You completely miss statue345's ghost.
Statue345's ghost is lightly damaged.
Statue345's ghost gestures at you while chanting.
The flame tongue hits you!
* * * LOW HITPOINT WARNING * * *
You feel magically purged.
Statue345's ghost gestures at you while chanting.
The flame tongue hits you!
* * * LOW HITPOINT WARNING * * *
Attack whom?
Press: ? - help, Dir - move target cursor, f/p - statue345's ghost
Aim: statue345's ghost (lightly damaged)
You reach to attack!
You hit statue345's ghost but do no damage.
Statue345's ghost is lightly damaged.
You hit statue345's ghost.
Statue345's ghost is lightly damaged.
Statue345's ghost points at you and mumbles some strange words.
The flame tongue hits you!
You die...

. .' .'. ###### #≈≈ ###
#..... ##≈≈.######.####
#.####
≈≈≈............#########.####
#....W@................
#.###.##'##...####.####
.≈≈#.###.#####...##..## #.#
.≈≈........##.....##..# #.#
≈≈≈#.###.###.#...#.#### #.#
#.##.8.8.8.8.# #.#
##'#...........# #.#
#..'.....).....+.##.####
#..#...........#....)...


You could see statue345's ghost.

Vanquished Creatures
  2 howler monkeys (D:4)
  An orc priest (D:4)
  An orc wizard (D:3)
  A worker ant (D:3)
  Jessica (D:3)
  Natasha (D:3)
  A hound skeleton (D:4)
  Robin (D:3)
  4 adders
  An ooze (D:4)
  3 worms
  2 leopard geckos (D:2)
  5 orcs
  7 giant cockroaches
  9 goblins
  13 hobgoblins
  2 jackals (D:4)
  8 kobolds
  A ball python (D:3)
  5 bats
  2 frilled lizards
  5 rats
76 creatures vanquished.

Notes
Turn   | Place    | Note
-------+----------+-------------------------------------------
     0 | Abyss:1  | HAWKINGL3623 the Centaur Abyssal Knight began the quest for the Orb.
     0 | Abyss:1  | Reached XP level 1. HP: 19/19 MP: 2/2
    54 | Abyss:2  | Noticed a small abomination
    55 | Abyss:2  | Noticed a thrashing horror
    58 | D:1      | Escaped the Abyss
    58 | D:1      | a thrashing horror gained the power of zot (level 1).
    58 | D:1      | a small abomination gained the power of zot (level 1).
   431 | D:1      | a kobold gained the power of zot (level 1).
   433 | D:1      | Reached XP level 2. HP: 26/26 MP: 3/3
   447 | D:1      | Reached * piety under Lugonu
  1295 | D:2      | Reached XP level 3. HP: 30/31 MP: 4/4
  1490 | D:2      | Found a snail-covered altar of Cheibriados.
  1833 | D:2      | Reached XP level 4. HP: 40/40 MP: 5/5
  2338 | D:3      | Noticed Jessica
  2346 | D:3      | Killed Jessica
  2346 | D:3      | Reached skill level 4 in Fighting
  2346 | D:3      | Reached skill level 1 in Dodging
  2429 | D:3      | Reached ** piety under Lugonu
  2477 | D:3      | Found an iron altar of Okawaru.
  2609 | D:3      | Found a shadowy altar of Dithmenos.
  2904 | D:3      | Noticed Robin
  2938 | D:3      | Killed Robin
  2938 | D:3      | Reached skill level 1 in Throwing
  2938 | D:3      | Reached XP level 5. HP: 46/46 MP: 6/6
  3350 | D:3      | Noticed Natasha
  3360 | D:3      | Killed Natasha
  3494 | D:3      | a worker ant gained the power of zot (level 1).
  4081 | D:4      | Reached XP level 6. HP: 48/52 MP: 7/7
  4126 | D:4      | Found an opulent altar of Gozag.
  4276 | D:4      | Noticed statue345's ghost (amateur DrFE)
  4297 | D:4      | Killed from afar by statue345's ghost

Vault maps used:
D:1:      mushboom_english_gardens, hex_medium
D:2:      cheibriados_altar_1, minmay_misc_feat_roman
D:3:      lemuel_round_altar, okawaru_ov_weapons_minmay, uniq_robin,
          uniq_jessica, uniq_natasha
D:4:      kennysheep_goblin_castle, grunt_gozag_statues, first_bread,
          dk_noncrumbling_3
Abyss:2:  evilmike_abyss_exit_9

Skill      XL: |  1  2  3  4  5 |
---------------+----------------+-----
Polearms       | 2 3 |  3.8
Fighting       | 4 |  4.3
Dodging        | 1 |  1.1
Throwing       | 1 2 |  2.8
Armour         | 2 |  2.3
Stealth        | |  0.1
Invocations    | |  2.3

Action                   |  1- 3 |  4- 6 || total
-------------------------+-------+-------++-------
Melee: Spear             |   121 |   139 ||   260
       Kick              |    10 |    15 ||    25
Throw: Stone             |    23 |    24 ||    47
       Tomahawk          |       |    17 ||    17
Invok: Depart the Abyss  |     1 |       ||     1
Evoke: Wand              |       |     3 ||     3
  Use: Scroll            |     3 |     2 ||     5
       Potion            |     4 |     5 ||     9
 Stab: Sleeping          |     1 |       ||     1
  Eat: Chunk             |     1 |     4 ||     5
       Bread ration      |       |     1 ||     1
Armor: Leather armour    |    32 |     1 ||    33
       Chain mail        |       |    38 ||    38
Dodge: Dodged            |    50 |    22 ||    72
